 Dungeon Crawl Stone Soup version 0.25-a0-670-g50981ef59b (webtiles) character file.

Game seed: 7527677012122516621, levelgen mode: deterministic

114 Error4North the Insei (level 4, -4/36 HPs)
             Began as a Draconian Transmuter on Mar 29, 2020.
             Slain by an orc warrior
             ... wielding a +0 halberd
              (16 damage)
             ... on level 3 of the Dungeon on Mar 30, 2020.
             The game lasted 00:15:48 (1851 turns).

Error4North the Insei (Draconian Transmuter)        Turns: 1851, Time: 00:15:49

Health: -4/36      AC:  5    Str: 12    XL:     4   Next: 66%
Magic:  6/7        EV: 12    Int: 14    God:
Gold:   98         SH:  3    Dex: 14    Spells: 1/7 levels left

rFire    . . .     SeeInvis .     - Unarmed
rCold    . . .     Gourm    .   p - +0 buckler (curse)
rNeg     . . .     Faith    .   (armour unavailable)
rPois    .         Spirit   .   (helmet restricted)
rElec    .         Reflect  .   (no cloak)
rCorr    .         Harm     .   (no gloves)
MR       .....                  (no boots)
Stlth    ++........             j - amulet of magic regeneration
HPRegen  0.12/turn              i - +2 ring of dexterity
MPRegen  0.35/turn              (no ring)

@: appendage
A: unfitting armour, horns 2, cold-blooded, AC +5
a: End Transformation


You were on level 3 of the Dungeon.
You were hungry.
You had grown temporary horns.
You visited 1 branch of the dungeon, and saw 3 of its levels.

You collected 98 gold pieces.

Inventory:

Missiles
 a - 37 arrows
 h - 6 boomerangs (quivered)
Armour
 p - a cursed +0 buckler (worn)
Jewellery
 i - a +2 ring of dexterity (left hand)
 j - an amulet of magic regeneration (around neck)
 o - an uncursed amulet of the gourmand {unknown}
Scrolls
 b - a scroll of blinking {unknown}
 d - a scroll of magic mapping {unknown}
 e - 2 scrolls of identify {unknown}
 g - a scroll of fear {unknown}
 k - a scroll of immolation {unknown}
 m - a scroll of enchant armour {unknown}
 n - a scroll of teleportation {unknown}
Potions
 f - 2 potions of cancellation {unknown}
Comestibles
 c - 6 rations


   Skills:
 * Level 1.8 Fighting
 * Level 2.6 Dodging
 * Level 1.0 Stealth
 * Level 3.7 Unarmed Combat
 * Level 2.4 Spellcasting
 * Level 2.4 Transmutations
 * Level 0.5 Poison Magic


You had one spell level left.
You knew the following spells:

 Your Spells              Type           Power        Failure   Level  Hunger
a - Beastly Appendage     Tmut           #.....       14%         1    #......
b - Sticks to Snakes      Tmut           #.......     21%         2    ###....
c - Spider Form           Tmut/Pois      #.........   52%         3    ###....

Your spell library contained the following spells:

 Spells                   Type           Power        Failure   Level  Hunger
 Magic Dart               Conj           #...         36%         1    #......
 Blink                    Tloc           N/A          50%         2    ###....
 Call Imp                 Summ           #.......     50%         2    ###....
 Slow                     Hex            #.......     50%         2    ###....
 Mephitic Cloud           Conj/Pois/Air  #.......     71%         3    ###....
 Conjure Flame            Conj/Fire      #.......     75%         3    ###....
 Ice Form                 Ice/Tmut       #.......     92%         4    #####..
 Blade Hands              Tmut           #.........   98%         5    ######.


Dungeon Overview and Level Annotations

Branches:
Dungeon (3/15)

Altars:
Cheibriados


Innate Abilities, Weirdness & Mutations

Your plain brown scales are hard. (AC +5)
You cannot fit into any form of body armour.
You are cold-blooded and may be slowed by cold attacks.
You have a pair of horns on your head.


Message History

Your base attributes are Str 12, Int 14, Dex 12.
Unknown command.
Your adder bites the frilled lizard.
The frilled lizard dies!
The orc warrior hits your adder with a +0 halberd!!
Your adder dies!
The orc warrior closely misses you. You block the hobgoblin's attack.
You barely miss the hobgoblin. Your headbutt misses the hobgoblin.
The orc warrior hits you from afar with a +0 halberd.
The hobgoblin hits you but does no damage.
You hit the hobgoblin.
Your tail-slap misses the hobgoblin.
The hobgoblin is almost dead.
The hobgoblin barely misses you.
The orc warrior hits you from afar with a +0 halberd!!
Ouch! That really hurt!
You hit the hobgoblin but do no damage.
The hobgoblin is almost dead.
The hobgoblin closely misses you.
The orc warrior hits you from afar with a +0 halberd!
You die...

## .# .#
.###+## '##
.......#####
>.#
......†g@..#
..#
......o###.#
..# .......
#.# ..#
....... #.#
..# .......
#.# ..#
....... #.#
'## #######
#.# .# #####
#.# .# #...#
#.#


You could see an orc warrior and a hobgoblin.

Vanquished Creatures
  An orc wizard (D:3)
  An adder (D:3)
  A gnoll (D:2)
  An ooze (D:1)
  A worm (D:3)
  A dart slug (D:2)
  3 orcs (D:3)
  A ball python (D:2)
  4 bats
  6 goblins
  7 hobgoblins
  4 kobolds
  4 frilled lizards
  3 rats
38 creatures vanquished.

Vanquished Creatures (collateral kills)
  2 gnolls (D:2)
  An adder (D:2)
  A kobold (D:2)
  A frilled lizard (D:3)
5 creatures vanquished.

Grand Total: 43 creatures vanquished

Notes
Turn   | Place    | Note
-------+----------+-------------------------------------------
     0 | D:1      | Error4North the Draconian Transmuter began the quest for
                  | the Orb.
     0 | D:1      | Reached XP level 1. HP: 16/16 MP: 3/3
   242 | D:1      | Reached XP level 2. HP: 23/23 MP: 3/5
   279 | D:1      | Learned a level 2 spell: Sticks to Snakes
   676 | D:2      | Found a snail-covered altar of Cheibriados.
   722 | D:2      | Reached XP level 3. HP: 19/28 MP: 6/6
  1062 | D:2      | Learned a level 3 spell: Spider Form
  1331 | D:3      | Reached XP level 4. HP: 28/35 MP: 7/7
  1670 | D:3      | Reached skill level 1 in Stealth
  1840 | D:3      | Noticed an orc warrior
  1851 | D:3      | Slain by an orc warrior

Levels and vault maps discovered:
D:1:      dpeg_arrival_boxorama, layout_rooms, minivault_11
D:2:      layout_rooms, old_standard_altar, first_ration
D:3:      layout_basic

Skill      XL: |  1  2  3  4 |
---------------+-------------+-----
Dodging        | 2 |  2.6
Stealth        | 1 |  1.0
Fighting       | |  1.8
Unarmed Combat | |  3.7
Spellcasting   | |  2.4
Transmutations | |  2.4
Poison Magic   | |  0.5

Action                   |  1- 3 |  4- 6 || total
-------------------------+-------+-------++-------
Melee: Unarmed           |    94 |    43 ||   137
       Headbutt          |     3 |     1 ||     4
       Kick              |     6 |       ||     6
       Tailslap          |     4 |     4 ||     8
       Punch             |     1 |       ||     1
Throw: Boomerang         |     9 |       ||     9
 Cast: Beastly Appendage |    11 |     4 ||    15
       Sticks to Snakes  |     8 |     3 ||    11
 Stab: Distracted        |     1 |       ||     1
  Eat: Chunk             |     2 |     2 ||     4
Armor: Skin              |    24 |    10 ||    34
Dodge: Dodged            |    57 |    16 ||    73
Block: Buckler           |       |     1 ||     1

Table legend:
 A = Non-vault XP
 B = Vault XP
 C = Vault XP percentage of total XP
 D = Non-vault monster count
 E = Vault monster count
 F = Vault count percentage of total count
                 A         B        C        D         E       F
            +---------+---------+-------+---------+---------+-------
      Total |     163 |       0 |   0.0 |      43 |       0 |   0.0
            +---------+---------+-------+---------+---------+-------
        D:1 |      29 |       0 |   0.0 |      14 |       0 |   0.0
        D:2 |      59 |       0 |   0.0 |      17 |       0 |   0.0
        D:3 |      75 |       0 |   0.0 |      12 |       0 |   0.0
            +---------+---------+-------+---------+---------+-------
